 Dungeon Crawl Stone Soup version 0.20.1-1-g8b1a95d (webtiles) character file.

28 Liatris the Chopper (level 3, 0/27 HPs)
             Began as a Demonspawn Gladiator on Aug 17, 2017.
             Succumbed to an adder's poison
             ... on level 1 of the Dungeon.
             The game lasted 00:05:23 (1397 turns).

Liatris the Chopper (Demonspawn Gladiator)          Turns: 1397, Time: 00:05:24

Health: 0/27       AC:  7    Str: 14    XL:     3   Next: 0%
Magic:  3/3        EV: 13    Int:  9    God:
Gold:   55         SH:  0    Dex: 15    Spells: 2/2 levels left

rFire    . . .     SeeInvis .   e - +0 short sword (venom)
rCold    . . .     Gourm    .   (no shield)
rNeg     . . .     Faith    .   b - +1 leather armour
rPois    .         Spirit   .   c - +0 helmet
rElec    .         Reflect  .   (no cloak)
rCorr    .         Harm     .   (no gloves)
MR       .....                  (no boots)
Stlth    +.........             (no amulet)
Regen    0.1/turn               (no ring)
MPRegen  0.1/turn               (no ring)

@: lethally poisoned (0 -> -5)
A: slimy green scales 1, rot immunity
a: no special abilities


You were on level 1 of the Dungeon.
You were not hungry.

You visited 1 branch of the dungeon, and saw 2 of its levels.

You collected 55 gold pieces.

Inventory:

Hand Weapons
 a - a +0 war axe
 e - a +0 short sword of venom (weapon)
Missiles
 d - 3 throwing nets (quivered)
Armour
 b - a +1 leather armour (worn)
 c - a +0 helmet (worn)
Jewellery
 h - a cursed -5 ring of evasion {unknown}
Comestibles
 f - a bread ration


   Skills:
 + Level 2.2 Fighting
 + Level 0.3 Short Blades
 + Level 3.1 Axes
 + Level 1.8 Throwing
 + Level 0.3 Armour
 + Level 2.9 Dodging
 + Level 0.4 Stealth


You had 2 spell levels left.
You didn't know any spells.

Dungeon Overview and Level Annotations

Branches:
Dungeon (2/15)

Altars:


Innate Abilities, Weirdness & Mutations

You are partially covered in slimy green scales. (AC +2)
You are immune to rotting.


Message History

The adder poisons you! The worm completely misses you.
The adder bites you but does no damage.
* * * LOW HITPOINT WARNING * * *
You feel sick. The adder bites you.
* * * LOW HITPOINT WARNING * * *
There is an open door here.
You aren't carrying any potions.
You aren't carrying any spellbooks or scrolls.
* * * LOW HITPOINT WARNING * * *
You feel sick. The adder bites you.
* * * LOW HITPOINT WARNING * * *
You closely miss the adder.
* * * LOW HITPOINT WARNING * * *
You feel sick. The adder misses you.
You hit the adder.
The adder is poisoned.
The adder is moderately wounded.
The adder bites you but does no damage. The adder barely misses you.
You hit the adder.
The adder looks as sick as possible!
The adder is heavily wounded.
You die...

♣♣♣......####...#####
♣♣♣........'...........
♣♣♣♣♣♣..........##.........#
♣♣♣♣♣♣..............###.##..###.#
♣............#.....## #.###.# #.#
..........#####..>## #.# #.# #.#
####.###### ##w## #.# #.# #.#
.........# #S# #.###.# #.#
.##...##.# #@# #.##..###.#
.##...##.# ##.## #♣..P..♣....
.###.###.# ##...###♣..P≈≈....P.
.###.###.#####...(.....≈♣♣≈≈.....
............###...♣..P♣♣≈≈≈≈♣.♣..
####.................♣≈≈≈≈≈...P.#
######...####)#.♣.≈≈≈♣≈♣...###
##### #÷....P.≈≈...P##
#.#.....♣P..♣##


You could see a worm and an adder.

Vanquished Creatures
  A dart slug (D:1)
  4 bats (D:1)
  2 giant cockroaches (D:1)
  3 goblins (D:1)
  5 hobgoblins (D:1)
  4 kobolds (D:1)
  A ball python (D:1)
  A frilled lizard (D:1)
  4 rats (D:1)
25 creatures vanquished.

Notes
Turn   | Place    | Note
-------+----------+-------------------------------------------
     0 | D:1      | Liatris the Demonspawn Gladiator began the quest for the Orb.
     0 | D:1      | Reached XP level 1. HP: 16/16 MP: 1/1
   428 | D:1      | Gained mutation: You are partially covered in slimy green scales. (AC +2) [demonic ancestry]
   428 | D:1      | Reached XP level 2. HP: 20/22 MP: 2/2
   521 | D:1      | Reached skill level 3 in Axes
  1099 | D:1      | Gained mutation: You are immune to rotting. [demonic ancestry]
  1099 | D:1      | Reached XP level 3. HP: 25/27 MP: 3/3
  1395 | D:1      | HP: 1/27 [poisoned by an adder]
  1397 | D:1      | Succumbed to an adder's poison

Skill      XL: |  1  2 |
---------------+-------+-----
Axes           | 3 |  3.1
Fighting       | |  2.2
Short Blades   | |  0.3
Throwing       | |  1.8
Armour         | |  0.3
Dodging        | |  2.9
Stealth        | |  0.4

Action                   || total
-------------------------++-------
Melee: War axe           ||    15
       Short sword       ||    75
  Use: Scroll            ||     4
 Stab: Sleeping          ||     1
  Eat: Bread ration      ||     1
Armor: Leather armour    ||    37
Dodge: Dodged            ||    61
